 Dungeon Crawl Stone Soup version 0.13-a0-2979-gb6a86b3 (webtiles) character file.

257 4tharraofdagon the Covered (level 5, -3/41 HPs)
             Began as a Djinni Fighter on Sept 7, 2013.
             Was an Initiate of Makhleb.
             Slain by a manticore (5 damage)
             ... on Level 4 of the Dungeon.
             The game lasted 00:02:19 (470 turns).

4tharraofdagon the Covered (Djinni Fighter)          Turns: 470, Time: 00:02:19

HP  -3/41        AC  7     Str 22      XL: 5   Next: 24%
MP   0/0         EV  6     Int  5 (8)  God: Makhleb [......]
Gold 89          SH 19     Dex 13      Spells:  0 memorised,  4 levels left

Res.Fire  : + + +   See Invis. : .   a - +0 falchion (curse)
Res.Cold  : x . .   Warding    : .   b - +0 scale mail
Life Prot.: + + +   Conserve   : .   c - +0 shield
Res.Poison: .       Res.Corr.  : .   (no helmet)
Res.Elec. : .       Clarity    : .   (no cloak)
Sust.Abil.: . .     Spirit.Shd : .   (no gloves)
Res.Mut.  : .       Stasis     : .   (boots unavailable)
Res.Rott. : .       Flight     : .   (no amulet)
Saprovore : . . .                    (no ring)
                                     (no ring)

@: invisible, mighty, quite poisoned, very slightly contaminated, slightly
resistant to hostile enchantments, extremely unstealthy
A: fire immunity, cold vulnerability, life protection 3
a: Renounce Religion


You were on level 4 of the Dungeon.
You worshipped Makhleb.
Makhleb was pleased with you.
You were not hungry.

You visited 2 branches of the dungeon, and saw 5 of its levels.

You collected 69 gold pieces.

Inventory:

Hand weapons
 a - a cursed +0,+0 falchion (weapon)
Armour
 b - a +0 scale mail (worn)
 c - a +0 shield (worn)
Magical devices
 e - a wand of draining (0)
 g - a wand of invisibility (4)
Scrolls
 d - 2 scrolls of curse weapon
 h - a scroll of remove curse {unknown}
 i - a scroll of curse jewellery {unknown}
 l - a scroll of fear {unknown}
 m - a scroll of curse armour {unknown}
Potions
 f - a potion of flight


   Skills:
 + Level 3.4 Fighting
 * Level 4.1 Long Blades
 + Level 4.4 Armour
 - Level 3.0 Shields


You had 4 spell levels left.
You didn't know any spells.

Dungeon Overview and Level Annotations

Branches:
Dungeon (4/27)             Temple (1/1) D:4

Altars:
Ashenzari
Cheibriados
Elyvilon
Makhleb
Nemelex Xobeh
Okawaru
Sif Muna
Trog
Vehumet
Xom
Yredelemnul
Zin


Innate Abilities, Weirdness & Mutations

You are immune to all types of fire, even holy and hellish.
You are vulnerable to cold.
You need no food.
You have no legs.
You are immune to negative energy.


Message History

Zapping:
e - a wand of draining {zapped: 7}
Press: ? - help, Shift-Dir - straight line, f/p - manticore
Aim: a manticore (lightly wounded)
The bolt of negative energy hits the manticore.
The manticore is drained!
The manticore is heavily wounded.
You closely miss the manticore.
The manticore is heavily wounded.
* * * LOW HITPOINT WARNING * * *
You feel sick. You block the manticore's attack.
The manticore claws you but does no damage.
The manticore claws you.
* * * LOW HITPOINT WARNING * * *
You closely miss the manticore.
The manticore is heavily wounded.
* * * LOW HITPOINT WARNING * * *
You feel sick.
The manticore bites you but does no damage.
The manticore claws you.
You die...

##### ### ##.###.##
..#.##.#.## .#..... #
.#.#..#...####.....##.#
.#.........#.........#
.....................##.
........................
......................#.#
...............(@......#
..............%H..?...(.#
........................
........................
........................
.......................
.......###............
..###..# #........... ..#
#..###...###....


You could see a manticore.

Vanquished Creatures
  An ogre (D:4)
  3 worker ants (D:4)
  2 adders
  4 jackals (D:4)
  3 kobolds
  2 giant newts
  2 goblins
17 creatures vanquished.

Notes
Turn   | Place    | Note
--------------------------------------------------------------
     0 | D:1      | 4tharraofdagon, the Djinni Fighter, began the quest for the Orb.
     0 | D:1      | Reached XP level 1. HP: 16/16 MP: 0/0
   194 | D:3      | Reached XP level 2. EP: 16/22
   237 | D:4      | Found a staircase to the Ecumenical Temple.
   245 | D:4      | Noticed an ogre
   249 | Temple   | Entered the Ecumenical Temple
   273 | Temple   | Became a worshipper of Makhleb the Destroyer
   305 | D:4      | Reached XP level 3. EP: 29/29
   306 | D:4      | Killed an ogre
   306 | D:4      | Reached skill level 4 in Armour
   306 | D:4      | Reached XP level 4. EP: 35/35
   448 | D:4      | Reached XP level 5. EP: 11/41
   456 | D:4      | Noticed a manticore
   470 | D:4      | HP: 2/41 [poisoned by a worker ant]
   470 | D:4      | Slain by a manticore

Action                   |  1- 3 |  4- 6 || total
-------------------------+-------+-------++-------
Melee: Falchion          |    23 |    46 ||    69
Evoke: Wand              |     3 |     7 ||    10
  Use: Scroll            |     3 |       ||     3
       Potion            |       |     3 ||     3
